 Dungeon Crawl Stone Soup version 0.31-a0-455-g1a7b003ef0 (webtiles) character file.

Game seed: 16536033711527768219

299 MisterAzrael the Magician (level 6, 0/46 HPs)
             Began as a Djinni Fire Elementalist on Aug 3, 2023.
             Slain by an orc priest
             ... wielding a +0 club
              (6 damage)
             ... on level 5 of the Dungeon.
             The game lasted 00:07:51 (3463 turns).

MisterAzrael the Magician (DjFE)                    Turns: 3463, Time: 00:07:51

Health: 0/46       AC:  3    Str:  9    XL:     6   Next: 63%
Gold:   172        EV: 13    Int: 17    God:
                   SH:  0    Dex: 13

rFire   + + +        d - staff of death
rCold   x . .        (no shield)
rNeg    + . .        j - +1 animal skin
rPois   ∞            (no helmet)
rElec   .            (no cloak)
rCorr   .            (no gloves)
SInv    .            (boots unavailable)
Will    .....        (no amulet)
Stlth   ++           f - ring of protection from fire
HPRegen 0.27/turn    (no ring)
MPRegen 0.00/turn

%: infuse magic (-1 HP)
@: mighty, brilliant, flying
A: sickness immunity, fire resistance 2, cold vulnerability 1, float, innate
caster, HP casting, extra vitality 1
a: no special abilities


You were on level 5 of the Dungeon.
You visited 1 branch of the dungeon, and saw 5 of its levels.

You collected 172 gold pieces.

Inventory:

Hand Weapons
 b - a +0 rapier
Missiles
 e - 5 javelins
Armour
 a - a +0 robe
 j - a +1 animal skin (worn)
Magical Staves
 d - a staff of death (weapon)
Jewellery
 f - a ring of protection from fire (left hand)
Wands
 u - a wand of roots (7)
Scrolls
 c - a scroll of enchant weapon {unknown}
 g - a scroll of revelation {unknown}
 h - a scroll of amnesia {unknown}
 i - 2 scrolls of brand weapon {unknown}
 k - a scroll of fear {unknown}
 n - a scroll of poison {unknown}
 o - 2 scrolls of teleportation {unknown}
 q - 4 scrolls of identify {unknown}
 s - a scroll of acquirement {unknown}
 w - a scroll of torment {unknown}
Potions
 p - a potion of berserk rage {unknown}
 r - a potion of ambrosia {unknown}
 t - a potion of cancellation {unknown}
 v - a potion of lignification {unknown}


   Skills:
 * Level 3.1 Fighting
 * Level 2.8 Staves
 + Level 3.3 Dodging
 - Level 1.5 Stealth
 * Level 3.7 Spellcasting
 * Level 3.7 Conjurations
 * Level 3.7 Hexes
   Level 0.0 Charms
 * Level 3.7 Summonings
 * Level 3.7 Necromancy
 * Level 3.7 Translocations
 * Level 3.7 Transmutations
 * Level 3.7 Fire Magic
 * Level 3.7 Ice Magic
 * Level 3.7 Air Magic
 * Level 3.7 Earth Magic
 * Level 3.7 Poison Magic


You knew the following spells:

 Your Spells              Type           Power      Damage    Failure   Level
a - Foxfire               Conj/Fire      92%        2x1d8     3%          1
b - Scorch                Fire           46%        2d6       5%          2
c - Volatile Blastmotes   Fire/Tloc      46%        2d13      11%         3
d - Inner Flame           Hex/Fire       23%        N/A       11%         3
e - Flame Wave            Conj/Fire      23%        2d8       34%         4
f - Slow                  Hex            92%        N/A       3%          1
g - Call Imp              Summ           46%        N/A       5%          2
Your spell library was empty.

Dungeon Overview and Level Annotations

Branches:
Dungeon (5/15)
 Temple: D:4-7

Altars:

Shops:
D:4 (


Innate Abilities, Weirdness & Mutations

You are immune to sickness and miasma.
You are immune to poison.
Your flesh is very heat resistant. (rF++)
You are vulnerable to cold. (rC-)
You float through the air rather than walking.
You learn spells naturally, not from books.
Your magical power is your life essence.
You have superior vitality. (+4 MHP)


Message History

The concussive blast engulfs the adder!!
You kill the adder!
Casting: Volatile Blastmotes (dangerous; 11% risk of failure)
Confirm with . or Enter, or press ? or * to list all spells.
A cloud of volatile blastmotes flares up around you!
* * * LOW HITPOINT WARNING * * *
The sleepcap attacks as you move away! The sleepcap releases spores at you.
* * * LOW HITPOINT WARNING * * *
The sleepcap attacks as you move away! The sleepcap releases spores at you.
* * * LOW HITPOINT WARNING * * *
Okay, then.
Casting: Volatile Blastmotes (dangerous; 11% risk of failure)
Confirm with . or Enter, or press ? or * to list all spells.
Aiming: Slow (safe; 3% risk of failure)
Press: ? - help, Shift-Dir - straight line, f - sleepcap
Aim: a sleepcap (chance to affect: 57%)
The sleepcap seems to slow down.
* * * LOW HITPOINT WARNING * * *
Your magical contamination has completely faded away.
Found 3 gold pieces.
Found 5 boomerangs.
Casting: Slow (safe; 3% risk of failure)
Confirm with . or Enter, or press ? or * to list all spells.
Aiming: Slow (safe; 3% risk of failure)
Press: ? - help, Shift-Dir - straight line, f - orc priest, p - sleepcap
Aim: an orc priest, wielding a +0 club and wearing a +0 ring mail (chance to affect: 49%)
The orc priest seems to slow down.
* * * LOW HITPOINT WARNING * * *
The orc priest invokes the aid of Beogh against you.
You struggle to resist.
The orc priest mumbles some strange prayers to Beogh against you.
Pain shoots through your body!
* * * LOW HITPOINT WARNING * * *
It was a potion of might.
You feel very mighty all of a sudden.
It was a potion of brilliance.
You feel clever all of a sudden.
The orc priest attacks as you move away!
The orc priest hits you with a +0 club.
You die...

############
#......@o..#
..########f##########
#..f.of....#
##########.# #.# #o#
#.# #f# #######.####


You could see a sleepcap and an orc priest.

Vanquished Creatures
  An ogre (D:4)
  A scorpion (D:4)
  Robin (D:2)
  3 gnolls (D:4)
  5 adders
  2 worms (D:2)
  3 orcs (D:5)
  9 endoplasms
  2 giant cockroaches (D:2)
  14 goblins
  3 hobgoblins (D:2)
  3 jackals (D:1)
  A kobold (D:1)
  7 ball pythons
  A bat (D:1)
  A frilled lizard (D:1)
  2 rats
59 creatures vanquished.

Vanquished Creatures (others)
  40 foxfires
40 creatures vanquished.

Grand Total: 99 creatures vanquished

Notes
Turn   | Place    | Note
-------+----------+-------------------------------------------
     0 | D:1      | MisterAzrael the Djinni Fire Elementalist began the quest
                  | for the Orb.
     0 | D:1      | MisterAzrael set off with the following spells memorised:
                  | Foxfire, Scorch, Volatile Blastmotes, Inner Flame, Flame
                  | Wave.
     0 | D:1      | Reached XP level 1. HP: 15/15 MP: 0/0
   300 | D:1      | Reached XP level 2. HP: 18/22 MP: 0/0
   709 | D:1      | Reached skill level 1 in Fighting
   836 | D:2      | Reached skill level 1 in Staves
   836 | D:2      | Reached XP level 3. HP: 20/27 MP: 0/0
   836 | D:2      | Learned a level 1 spell: Slow
  1151 | D:2      | Noticed Robin
  1189 | D:2      | Killed Robin
  1190 | D:2      | Reached XP level 4. HP: 6/32 MP: 0/0
  1372 | D:2      | Found a faded altar of an unknown god.
  2186 | D:4      | Noticed a scorpion
  2205 | D:4      | Killed a scorpion
  2206 | D:4      | Reached XP level 5. HP: 30/38 MP: 0/0
  2206 | D:4      | Learned a level 2 spell: Call Imp
  2311 | D:4      | Found Baesmoan's Antique Weapon Shoppe.
  2820 | D:4      | Reached XP level 6. HP: 45/45 MP: 0/0
  2917 | D:4      | Noticed an ogre
  2932 | D:4      | Killed an ogre
  3409 | D:5      | Entered Level 5 of the Dungeon
  3463 | D:5      | Slain by an orc priest

Illustrated notes

Levels and vault maps discovered:
D:1:      heliophobic_arrival_ceremonial_halls, layout_rooms,
          serial_corexii_hall, corexii_hall_statues_l, corexii_hall_statues_i,
          corexii_item_surrounded_by_moat
D:2:      layout_loops_corners, shapermc_ecumenical_altar_petra, uniq_robin
D:3:      layout_basic
D:4:      layout_loops_corners, serial_shops, nicolae_shop_statue_plus
D:5:      layout_loops_ring, moated_statue

Skill      XL: |  1  2  3  4  5  6 |
---------------+-------------------+-----
Spellcasting   | |  3.7
Conjurations   | |  3.7
Hexes          | |  3.7
Summonings     | |  3.7
Necromancy     | |  3.7
Translocations | |  3.7
Transmutations | |  3.7
Fire Magic     | |  3.7
Ice Magic      | |  3.7
Air Magic      | |  3.7
Earth Magic    | |  3.7
Poison Magic   | |  3.7
Fighting       | 1 2 3 |  3.1
Staves         | 1 2 |  2.8
Dodging        | 3 |  3.3
Stealth        | |  1.5

Action                     |  1- 3 |  4- 6 || total
---------------------------+-------+-------++-------
  Melee: Staff             |    21 |     6 ||    27
   Cast: Foxfire           |    20 |     6 ||    26
         Scorch            |    23 |    29 ||    52
         Slow              |     2 |     8 ||    10
         Inner Flame       |     2 |       ||     2
         Call Imp          |       |     4 ||     4
         Volatile Blastmot |       |     9 ||     9
         Flame Wave        |       |     1 ||     1
    Use: Potion            |     2 |     2 ||     4
   Stab: Distracted        |       |     1 ||     1
 Armour: Robe              |     5 |     1 ||     6
         Animal skin       |       |     2 ||     2
  Dodge: Dodged            |    32 |    12 ||    44

Table legend: (Time is in decaauts)
 A = Elapsed time spent in this place.
 B = Non-inter-level travel time spent in this place.
 C = Inter-level travel time spent in this place.
 D = Time resting spent in this place.
 E = Time spent auto-exploring this place.
 F = Levels seen in this place.
 G = Mean time per level.
                   A        B        C        D        E       F      G
               +--------+--------+--------+--------+--------+-----+--------+
         Total |   3465 |   3397 |     68 |    401 |   2337 |   5 |  693.0 |
       Dungeon |   3465 |   3397 |     68 |    401 |   2337 |   5 |  693.0 |
               +--------+--------+--------+--------+--------+-----+--------+

Top non-repeatable levels by time:
     D:2: 1244 daAuts
     D:4: 1228 daAuts
     D:1: 833 daAuts
     D:3: 103 daAuts
     D:5: 53 daAuts
